 Dungeon Crawl Stone Soup version 0.30-a0-305-g026cb31310 (webtiles) character file.

Game seed: 14368747297317216182

28926 LnG the Unseen (level 13, -15/76 HPs)
             Began as a Kobold Summoner on Oct 21, 2022.
             Was an Elder of Dithmenos.
             Demolished by a +8 long sword (21 damage)
             ... on level 14 of the Dungeon.
             The game lasted 01:17:33 (15772 turns).

LnG the Unseen (Kobold Summoner)                   Turns: 15772, Time: 01:17:33

Health: -15/76     AC: 20    Str: 12    XL:     13   Next: 77%
Magic:  23/23      EV: 33    Int: 32    God:    Dithmenos [****..]
Gold:   449        SH:  0    Dex: 15    Spells: 7/25 levels left

rFire   . . .      SeeInvis .    o - +5 dagger (protect)
rCold   . . .      Faith    .    (no shield)
rNeg    . . .      Spirit   .    k - +2 leather armour of Apathy {rC++ Regen+ Str+3 Dex-2}
rPois   +          Reflect  .    (no helmet)
rElec   .          Harm     .    A - +2 cloak {rPois}
rCorr   .          Rampage  .    y - +2 pair of gloves of Asceticism {rC- Int+6}
Will    +....                    n - +0 pair of boots Stlth **++++++++
                                 l - amulet "Sauteror" {Acrobat Str+4}
HPRegen 1.12/turn                M - ring "Wallar" {Wiz rC- Will+ Int+6}
MPRegen 0.18/turn                q - +4 ring of slaying

@: about to teleport, under a protective aura, acrobatic, wreathed by umbra,
studying Unarmed Combat
A: small, no large weapons, nightstalker 3
a: Renounce Religion, Shadow Step


You were on level 14 of the Dungeon.
You worshipped Dithmenos.
Dithmenos was greatly pleased with you.
You visited 2 branches of the dungeon, and saw 16 of its levels.
You also visited: Sewer, Ossuary, Bailey and Gauntlet.

You collected 1289 gold pieces.
You spent 840 gold pieces at shops.

Inventory:

Hand Weapons
 o - a +5 dagger of protection (weapon)
 K - a +2 short sword of venom
Armour
 g - a +2 pair of gloves
 k - the +2 leather armour of Apathy (worn) {rC++ Regen+ Str+3 Dex-2}
   (You found it on level 2 of the Dungeon)

   Str:       It affects your strength (+3).
   Dex:       It affects your dexterity (-2).
   rC:        It greatly protects you from cold.
   Regen:     It increases your rate of health regeneration.
 n - a +0 pair of boots (worn)
 y - the +2 pair of gloves of Asceticism (worn) {rC- Int+6}
   (You found it in a Gauntlet)

   Int:       It affects your intelligence (+6).
   rC:        It makes you vulnerable to cold.
 A - a +2 cloak of poison resistance (worn)
Jewellery
 d - a +6 ring of intelligence
 f - a +6 ring of intelligence
 l - the amulet "Sauteror" (around neck) {Acrobat Str+4}
   (You bought it in a shop on level 11 of the Dungeon)

   [amulet of the acrobat]

   It increases your evasion while moving and waiting.
   Str:       It affects your strength (+4).
 q - a +4 ring of slaying (right hand)
 B - a ring of willpower
 E - a ring of wizardry
 M - the ring "Wallar" (left hand) {Wiz rC- Will+ Int+6}
   (You found it in a Gauntlet)

   [ring of wizardry]

   It improves your spell success rate.
   Int:       It affects your intelligence (+6).
   rC:        It makes you vulnerable to cold.
   Will:      It increases your willpower.
 O - a ring of poison resistance
Wands
 c - a wand of flame (40)
 t - a wand of roots (10)
 F - a wand of mindburst (20)
 P - a wand of charming (3)
 Q - a wand of quicksilver (1)
Scrolls
 e - 3 scrolls of amnesia
 h - 5 scrolls of fog
 j - a scroll of magic mapping
 p - 3 scrolls of vulnerability
 v - 4 scrolls of enchant armour
 z - 3 scrolls of noise
 C - 10 scrolls of teleportation
 I - 3 scrolls of fear
 J - 2 scrolls of poison
Potions
 a - 4 potions of haste
 b - 3 potions of magic
 i - 3 potions of flight
 m - 13 potions of curing
 r - 4 potions of resistance {unknown}
 s - 3 potions of attraction {unknown}
 u - a potion of berserk rage {unknown}
 w - 2 potions of might {unknown}
 x - a potion of mutation {unknown}
 D - a potion of ambrosia {unknown}
 G - 3 potions of brilliance {unknown}
 H - a potion of cancellation {unknown}
 N - a potion of lignification {unknown}
Miscellaneous
 L - a tin of tremorstones (2/2)


   Skills:
 + Level 7.3 Fighting
 + Level 11.3 Short Blades
 + Level 4.9 Armour
 + Level 8.5 Dodging
 + Level 19.0 Stealth
 + Level 6.8 Spellcasting
 + Level 0.2 Hexes
 * Level 9.5 Summonings
 + Level 2.1 Air Magic
 + Level 0.4 Evocations


You had 7 spell levels left.
You knew the following spells:

 Your Spells              Type           Power      Damage    Failure   Level
a - Summon Small Mammal   Summ           100%       N/A       1%          1
b - Call Imp              Summ           64%        N/A       1%          2
c - Call Canine Familiar  Summ           64%        N/A       1%          3
d - Summon Guardian Gole  Hex/Summ       42%        N/A       1%          3
e - Summon Lightning Spi  Summ/Air       48%        N/A       1%          4
f - Summon Mana Viper     Hex/Summ       42%        N/A       9%          5

Your spell library contained the following spells:

 Spells                   Type           Power      Damage    Failure   Level
 Apportation              Tloc           20%        N/A       2%          1
 Foxfire                  Conj/Fire      40%        2x1d6     2%          1
 Magic Dart               Conj           40%        1d5       2%          1
 Swiftness                Air            24%        N/A       2%          3
 Ensorcelled Hibernation  Hex/Ice        22%        N/A       3%          2
 Passwall                 Tmut/Erth      8%         N/A       3%          2
 Mephitic Cloud           Conj/Pois/Air  15%        N/A       4%          3
 Inner Flame              Hex/Fire       11%        N/A       6%          3
 Summon Cactus Giant      Summ           32%        N/A       6%          6
 Summon Forest            Summ/Tloc      20%        N/A       9%          5
 Cause Fear               Hex            6%         N/A       21%         4
 Alistair's Intoxication  Tmut/Pois      6%         N/A       50%         5
 Fireball                 Conj/Fire      5%         3d5       50%         5
 Iskenderun's Battlesphe  Conj           10%        2d6       50%         5
 Conjure Ball Lightning   Conj/Air       8%         3x3d6     88%         6
 Starburst                Conj/Fire      5%         6d4       96%         6
 Dragon Form              Tmut           5%         N/A       100%        7
 Orb of Destruction       Conj           5%         9d5       100%        7
 Discord                  Hex            6%         N/A       100%        8
 Disjunction              Tloc           5%         N/A       100%        8
 Dragon's Call            Summ           32%        N/A       100%        9


Dungeon Overview and Level Annotations

Branches:
Dungeon (15/15)            Temple (1/1) D:7            Lair (0/5) D:10
    Orc (0/2) D:9          Depths (0/4) D:15          Sewer (visited)
Ossuary (visited)          Bailey (visited)         Gauntlet (visited)
 Vaults: D:13-14

Altars:
Ashenzari
Cheibriados
Dithmenos
Elyvilon
Fedhas
Gozag
Hepliaklqana
Kikubaaqudgha
Makhleb
Nemelex Xobeh
Okawaru
Qazlal
Ru
Sif Muna
Trog
Uskayaw
Vehumet
Wu Jian
Xom
Yredelemnul
Zin
The Shining One

Shops:
D:2 *   D:5 (   D:6 *   D:7 [   D:9 [   D:11 =   D:13 =

Annotations:
D:11 1 runed translucent door, koil's ghost, journeyman SpBr
D:13 1 runed translucent door, ragingrage's ghost, journeyman AtWr


Innate Abilities, Weirdness & Mutations

You are small and have problems with some larger weapons.
You are completely attuned to the shadows.


Message History

The yaktaur hits you!
You hit the yaktaur but do no damage.
The yaktaur is severely wounded.
You hit the yaktaur but do no damage.
The yaktaur is severely wounded.
The yaktaur changes into a fire crab!
You hit the fire crab but do no damage.
The fire crab is moderately wounded.
As you read the scroll of teleportation, it crumbles to dust.
You feel strangely unstable. The fire crab completely misses you.
The fire crab barely misses you.
You hit the fire crab.
The fire crab is moderately wounded.
The +8 long sword hits you.
You puncture the fire crab!
The fire crab is heavily wounded.
The +8 long sword hits you but does no damage.
The fire crab breathes flames at you.
The blast of flame engulfs you but does no damage.
Unknown command.
You hit the fire crab.
The fire crab is heavily wounded.
You are engulfed in blazing flames.
The +8 long sword is engulfed in blazing flames.
The +8 long sword hits you!
Unknown command.
The fire crab attacks as you move away! The fire crab closely misses you.
The fire crab claws you.
You are engulfed in flames!
The +8 long sword attacks as you move away!
The +8 long sword hits you!
* * * LOW HITPOINT WARNING * * *
You are engulfed in blazing flames.
* * * LOW HITPOINT WARNING * * *
The fire crab breathes flames at you.
The blast of flame engulfs you but does no damage.
You are engulfed in blazing flames.
* * * LOW HITPOINT WARNING * * *
The +8 long sword is engulfed in blazing flames. x2
The +8 long sword hits you!!
You die...

##..# . ... #..#
#..# #. ##. #..#
#.... .. #..###
###.#.##○. #.....
..°°°°#○○. #.....
..°°.°○○○.
#...........°°t(#...
#........######@##.#
#........# #○○...
#........# #○....
#........# #.....
#........# #..###
#........# #..#
#...†....# #..#
#........# #..#
#........# #..#


You could see a fire crab shaped shifter and a +8 long sword.

Vanquished Creatures
  Rupert (D:12)
  Snorg (D:11)
  A hydra (Gauntlet)
  Erolcha (D:11)
  A catoblepas (D:14)
  2 boulder beetles
  5 two-headed ogres
  Erica (D:11)
  A tengu warrior (D:13)
  3 deep elf pyromancers (D:13)
  An orc knight (Bailey)
  A manticore (D:12)
  An ugly thing (D:13)
  2 cyclopes
  2 komodo dragons
  Psyche (D:11)
  An efreet (D:13)
  3 kobold demonologists
  2 trolls
  4 slime creatures (D:12)
  A vampire (D:8)
  3 shadows (Gauntlet)
  4 wraiths
  10 yaks
  2 basilisks
  8 vampire mosquitoes
  Menkaure (D:6)
  A water moccasin (D:8)
  An acid dragon (D:12)
  3 ice beasts
  11 orc warriors
  A black bear (D:4)
  An ogre (D:4)
  3 centaurs
  An elf zombie (Ossuary)
  A phantom (D:7)
  9 kobold brigands
  6 bullfrogs
  A gnoll sergeant (D:8)
  2 scorpions
  3 necrophages
  14 wights
  3 killer bees (D:8)
  6 electric eels (D:6)
  A howler monkey (D:7)
  A jelly (D:7)
  5 hounds
  5 orc priests
  Crazy Yiuf (D:6)
  A gnoll bouda (D:5)
  3 human zombies (Ossuary)
  4 iguanas
  4 orc wizards
  2 hound zombies (Ossuary)
  4 mummies (Ossuary)
  11 adders
  21 gnolls
  2 shadow imps
  A white imp (D:7)
  An ufetubus (D:7)
  3 worms
  A dart slug (D:3)
  28 orcs
  13 endoplasms
  4 giant cockroaches
  35 goblins
  21 hobgoblins
  7 jackals
  23 kobolds
  4 quokkas
  13 ball pythons
  8 bats
  2 frilled lizards
  A goblin zombie (Ossuary)
  2 hobgoblin zombies (Ossuary)
  A kobold zombie (Ossuary)
  An orc zombie (Ossuary)
  20 rats
  A rat zombie (Ossuary)
386 creatures vanquished.

Vanquished Creatures (collateral kills)
  A tengu warrior (D:13)
  A two-headed ogre (D:8)
  2 slime creatures (D:12)
  A gargoyle (D:10)
  A torpor snail (Gauntlet)
  A tengu conjurer (D:13)
  A troll (D:11)
  2 shadows (Gauntlet)
  A wraith (D:10)
  3 vampire mosquitoes (D:13)
  A centaur (D:9)
  An ogre (D:5)
  2 kobold brigands (Sewer)
  A killer bee (D:8)
  5 gnolls
  An orc (Bailey)
  2 endoplasms (D:1)
  3 goblins
  5 hobgoblins
  3 jackals (D:2)
  6 kobolds
  A ball python (D:1)
  A bat (D:2)
  A frilled lizard (D:1)
  2 rats
  A butterfly (D:10)
50 creatures vanquished.

Vanquished Creatures (others)
  A human (D:7)
  2 fungi
  15 plants
  5 toadstools (D:6)
23 creatures vanquished.

Grand Total: 459 creatures vanquished

Notes
Turn   | Place    | Note
-------+----------+-------------------------------------------
     0 | D:1      | LnG the Kobold Summoner began the quest for the Orb.
     0 | D:1      | Reached XP level 1. HP: 10/10 MP: 3/3
    10 | D:1      | Found a faded altar of an unknown god.
   164 | D:1      | Reached XP level 2. HP: 9/15 MP: 0/5
   216 | D:1      | Learned a level 2 spell: Call Imp
   416 | D:1      | Reached skill level 3 in Stealth
   525 | D:1      | Reached XP level 3. HP: 19/19 MP: 6/6
   576 | D:1      | Learned a level 3 spell: Call Canine Familiar
  1352 | D:2      | Identified the +2 leather armour of Apathy {rC++ Regen+
                  | Str+3 Dex-2}
  1450 | D:2      | Reached skill level 4 in Stealth
  1513 | D:2      | Reached XP level 4. HP: 24/24 MP: 7/7
  1716 | D:2      | Found Lapetupt's General Store.
  1731 | D:2      | Bought a scroll of identify for 20 gold pieces
  1982 | D:3      | Reached skill level 5 in Stealth
  1985 | D:3      | Reached XP level 5. HP: 28/28 MP: 8/8
  2299 | D:3      | Reached skill level 1 in Short Blades
  2410 | D:3      | Reached skill level 6 in Stealth
  2529 | D:3      | Found a snail-covered altar of Cheibriados.
  2598 | D:3      | Found an ornate altar of the Wu Jian Council.
  2758 | D:4      | Noticed a black bear
  2826 | D:4      | Reached XP level 6. HP: 33/33 MP: 9/9
  2830 | D:4      | Found a basalt altar of Yredelemnul.
  2941 | D:4      | Killed a black bear
  2942 | D:4      | Reached skill level 7 in Stealth
  2977 | D:4      | Identified the +1 ring mail of Vuesm {Str+4 Int+3 Dex+2}
  3117 | D:4      | Reached skill level 1 in Fighting
  3200 | D:4      | Noticed an ogre
  3204 | D:4      | Killed an ogre
  3205 | D:4      | Reached skill level 1 in Armour
  3205 | D:4      | Reached XP level 7. HP: 38/38 MP: 10/10
  3467 | D:5      | Entered Level 5 of the Dungeon
  3510 | D:4      | Reached skill level 8 in Stealth
  3920 | D:5      | Reached XP level 8. HP: 30/44 MP: 2/12
  4235 | D:5      | Found Vosaliz's Weapon Emporium.
  4408 | D:6      | Found Kuf Yke's Assorted Antiques.
  4433 | D:6      | Reached skill level 5 in Summonings
  4501 | D:6      | Found a glowing drain.
  4527 | Sewer    | Entered a sewer
  4733 | Sewer    | Reached skill level 5 in Short Blades
  4733 | Sewer    | Reached skill level 9 in Stealth
  5055 | Sewer    | Reached XP level 9. HP: 46/49 MP: 10/13
  5536 | D:2      | Bought a +2 cloak of poison resistance for 185 gold pieces
  5722 | D:6      | Reached skill level 10 in Stealth
  5934 | D:6      | Noticed Menkaure
  5937 | D:6      | Killed Menkaure
  5947 | D:6      | Found a runed translucent door.
  5950 | D:6      | Noticed Crazy Yiuf
  5961 | D:6      | Killed Crazy Yiuf
  6020 | D:6      | Reached skill level 11 in Stealth
  6164 | D:6      | Identified the +5 ring mail of Gozag's Wrath {-Tele rCorr
                  | MP+9 Dex+10}
  6702 | D:6      | Reached skill level 5 in Dodging
  7001 | D:7      | Learned a level 3 spell: Summon Guardian Golem
  7006 | D:7      | Learned a level 4 spell: Summon Lightning Spire
  7048 | D:7      | Found a glowing golden altar of the Shining One.
  7155 | D:7      | Found a staircase to the Ecumenical Temple.
  7183 | D:7      | Reached skill level 12 in Stealth
  7194 | Temple   | Entered the Ecumenical Temple
  7370 | Temple   | Became a worshipper of Dithmenos the Shadowed
  7455 | D:7      | Reached XP level 10. HP: 56/56 MP: 15/15
  7830 | D:7      | Found Gaheomipn's Armour Shoppe.
  7934 | D:7      | Found an ancient bone altar of Kikubaaqudgha.
  8188 | D:7      | Reached skill level 13 in Stealth
  8448 | D:8      | Noticed a two-headed ogre
  8458 | D:8      | Killed a two-headed ogre
  8504 | D:8      | Found a sand-covered staircase.
  8508 | Ossuary  | Entered an ossuary
  8520 | Ossuary  | Reached skill level 14 in Stealth
  8539 | Ossuary  | Reached * piety under Dithmenos
  8784 | D:8      | Found a flagged portal.
  8794 | Bailey   | Entered a bailey
  8922 | Bailey   | Reached ** piety under Dithmenos
  9087 | Bailey   | Noticed an orc knight
  9111 | Bailey   | Killed an orc knight
  9112 | Bailey   | Reached skill level 15 in Stealth
  9112 | Bailey   | Reached XP level 11. HP: 35/61 MP: 9/16
  9176 | Bailey   | Noticed an orc warlord
  9195 | Bailey   | Noticed a nameless horror
  9575 | D:8      | Noticed a two-headed ogre
  9588 | D:8      | Killed a two-headed ogre
  9885 | D:9      | Reached skill level 16 in Stealth
 10041 | D:9      | Reached *** piety under Dithmenos
 10100 | D:9      | Found Bipymol's Armour Shoppe.
 10104 | D:9      | Found a staircase to the Orcish Mines.
 10185 | D:9      | Found a blossoming altar of Fedhas.
 10221 | D:9      | Identified the +1 plate armour "Zidot" {Dex+6}
 10258 | D:9      | Noticed a two-headed ogre
 10262 | D:9      | Killed a two-headed ogre
 10483 | D:9      | Found an opulent altar of Gozag.
 10809 | D:10     | Entered Level 10 of the Dungeon
 10992 | D:10     | Found a shimmering altar of Xom.
 11056 | D:10     | Found a staircase to the Lair.
 11476 | D:10     | Reached skill level 5 in Spellcasting
 11849 | D:11     | Found Vadig's Jewellery Emporium.
 11854 | D:11     | Bought the amulet "Sauteror" {Acrobat Str+4} for 635 gold
                  | pieces
 11930 | D:11     | Found a gate leading to a gauntlet.
 11945 | Gauntlet | Entered a Gauntlet
 11945 | Gauntlet | Found a transporter.
 11957 | Gauntlet | Found a transporter.
 11960 | Gauntlet | Found a runed translucent door.
 11976 | Gauntlet | Noticed a catoblepas
 12079 | Gauntlet | Noticed a death scarab
 12081 | Gauntlet | Found a transporter.
 12081 | Gauntlet | Found a transporter.
 12086 | Gauntlet | Noticed a five-headed hydra
 12121 | Gauntlet | Killed a five-headed hydra
 12122 | Gauntlet | Reached skill level 5 in Fighting
 12122 | Gauntlet | Reached XP level 12. HP: 41/68 MP: 12/19
 12151 | Gauntlet | Identified the +2 pair of gloves of Asceticism {rC- Int+6}
 12178 | Gauntlet | Found a transporter.
 12201 | Gauntlet | Reached skill level 17 in Stealth
 12258 | Gauntlet | Identified the ring "Wallar" {Wiz rC- Will+ Int+6}
 12297 | Gauntlet | Identified the +1 flail of Xoarag {venom, Int+6}
 12297 | Gauntlet | Noticed a minotaur
 12403 | D:11     | Reached skill level 1 in Air Magic
 12444 | D:11     | Reached skill level 10 in Short Blades
 12507 | D:11     | Noticed Erica
 12512 | D:11     | Killed Erica
 12513 | D:11     | Noticed Erolcha
 12515 | D:11     | Noticed Psyche
 12517 | D:11     | Killed Erolcha
 12520 | D:11     | Killed Psyche
 12648 | D:11     | Noticed a two-headed ogre
 12652 | D:11     | Killed a two-headed ogre
 12792 | D:11     | Noticed Snorg
 12796 | D:11     | Killed Snorg
 12885 | D:11     | Noticed a boulder beetle
 12889 | D:11     | Killed a boulder beetle
 12982 | D:11     | Found a runed translucent door.
 12991 | D:11     | Noticed koil's ghost (journeyman SpBr)
 13254 | D:12     | Noticed Rupert
 13258 | D:12     | Killed Rupert
 13381 | D:12     | Noticed a two-headed ogre
 13386 | D:12     | Killed a two-headed ogre
 13387 | D:12     | Reached XP level 13. HP: 75/75 MP: 22/22
 13423 | D:12     | Reached **** piety under Dithmenos
 13424 | D:12     | Reached skill level 18 in Stealth
 14238 | D:13     | Found Otaduwk's Jewellery Boutique.
 14385 | D:13     | Found a runed translucent door.
 14385 | D:13     | Noticed ragingrage's ghost (journeyman AtWr)
 14535 | D:13     | Learned a level 5 spell: Summon Mana Viper
 15198 | D:13     | Found a glowing golden altar of the Shining One.
 15279 | D:13     | Reached skill level 19 in Stealth
 15439 | D:14     | Noticed a centaur warrior
 15581 | D:14     | You fall into a shaft and drop 1 floor!
 15581 | D:15     | Entered Level 15 of the Dungeon
 15667 | D:14     | Noticed a catoblepas
 15695 | D:14     | Killed a catoblepas
 15772 | D:14     | Demolished by a +8 long sword

Illustrated notes

Levels and vault maps discovered:
D:1:      dpeg_arrival_ratfight, layout_basic,
          hellmonk_ecumenical_altar_run_dry, chequers_jeans, minivault_24,
          minmay_misc_feat_plants, st_stairs_5
D:2:      layout_loops_ring, serial_shops, shop, minmay_curled_crystal,
          minmay_misc_feat_roman
D:3:      layout_rooms, mainiacjoe_overflow_chevrons, marbit_many_paths
D:4:      cheibrodos_quashed, layout_loops_ring,
          mainiacjoe_overflow_concentric_impassable, kennysheep_generic_room_9
D:5:      layout_basic, serial_shops, kennysheep_mini, uniq_ijyb
D:6:      minmay_goblin_kobold_castle, layout_basic, gup_sewer_entry_bubbles,
          nicolae_stop_n_shop_2, minmay_gold_behind_fungi, st_stairs_8,
          kennysheep_another_room, uniq_crazy_yiuf_cottage, uniq_menkaure
D:7:      kennysheep_six_static_rooms, layout_loops_corners, tgw_kikubaaqudgha,
          lemuel_crystal_altar, minmay_temple_entry_grid, serial_shops,
          nicolae_shop_window_shopping, st_stairs_12, grunt_decor_one_mirror,
          minmay_manual_macuahuitl
D:8:      layout_rooms, nicolae_ossuary_entry_plus, enter_bailey_5,
          kennysheep_nub, nzn_life_drinkers
D:9:      layout_roguey, mainiacjoe_overflow_catwalk,
          mainiacjoe_overflow_cross_hatched, orc_david_3,
          minmay_misc_feat_ornament
D:10:     layout_small_grid, xom_butterflies, david_lair_shrubbed
D:11:     layout_long_grid, gauntlet_entry_generic, hellmonk_ghost_big_iron,
          serial_shops, nicolae_shop_crystal, uniq_snorg, uniq_erica,
          uniq_psyche, uniq_erolcha
D:12:     nicolae_BIG_FREAKIN_CUBE, layout_long_grid, grunt_ministairs_2,
          uniq_rupert
D:13:     layout_long_grid, serial_shops, nicolae_stop_n_shop_2,
          hellmonk_ghost_happy_afterlife, tso_altar
D:14:     layout_long_grid, erik_vaults_1, hangedman_decor_clover_reticule,
          glass_columns_c, uniq_kirke
D:15:     grunt_enter_depths_hoard, layout_loops_ring, serial_park_paths
          [serial_park_minivault_5x5_8], minmay_strange_pillars, uniq_jorgrun
Temple:   eino_narrow_crystal_temple

Skill      XL: |  1  2  3  4  5  6  7  8  9 10 11 12 13 |
---------------+----------------------------------------+-----
Stealth        | 3 4 5 6 7 8 9 12 15 16 17 19 | 19.0
Short Blades   | 1 2 3 5 7 8 9 10 11 | 11.3
Dodging        | 3 4 5 6 7 8 |  8.5
Fighting       | 1 2 3 4 5 6 7 |  7.3
Armour         | 1 2 3 4 |  4.9
Spellcasting   | 3 5 6 |  6.8
Summonings     | 5 7 8 9 |  9.5
Air Magic      | 2 |  2.1
Hexes          | |  0.2
Evocations     | |  0.4

Action                   |  1- 3 |  4- 6 |  7- 9 | 10-12 | 13-15 || total
-------------------------+-------+-------+-------+-------+-------++-------
Melee: Unarmed           |    32 |       |       |       |       ||    32
       Dagger            |   120 |   152 |   440 |    49 |   273 ||  1034
       Punch             |       |       |     7 |     7 |     2 ||    16
       Short sword       |       |       |    65 |   562 |       ||   627
 Cast: Summon Small Mamm |    12 |       |     1 |     2 |       ||    15
       Call Imp          |     2 |       |       |     2 |     1 ||     5
       Call Canine Famil |       |     3 |    15 |    19 |     5 ||    42
       Summon Lightning  |       |       |       |     6 |     2 ||     8
       Summon Mana Viper |       |       |       |       |     1 ||     1
Evoke: Wand              |       |       |    12 |       |       ||    12
  Use: Scroll            |     2 |     3 |     5 |    17 |     8 ||    35
       Potion            |       |       |       |     5 |       ||     5
 Stab: Sleeping          |    18 |    25 |    46 |    69 |    15 ||   173
       Distracted        |       |     1 |     1 |     2 |     3 ||     7
       Betrayed ally     |       |       |       |       |     1 ||     1
Armor: Robe              |    19 |       |       |       |       ||    19
       Leather armour    |    16 |    43 |    99 |    60 |    66 ||   284
Dodge: Dodged            |   132 |   123 |   277 |   272 |   224 ||  1028

Table legend: (Time is in decaauts)
 A = Elapsed time spent in this place.
 B = Non-inter-level travel time spent in this place.
 C = Inter-level travel time spent in this place.
 D = Time resting spent in this place.
 E = Time spent auto-exploring this place.
 F = Levels seen in this place.
 G = Mean time per level.
                   A        B        C        D        E       F      G
               +--------+--------+--------+--------+--------+-----+--------+
         Total |  15526 |  14608 |    918 |    697 |   6782 |  20 |  776.3 |
       Dungeon |  13424 |  12547 |    877 |    505 |   6106 |  15 |  894.9 |
        Temple |    184 |    143 |     41 |      0 |    131 |   1 |  184.0 |
         Sewer |    984 |    984 |      0 |      0 |    545 |   1 |  984.0 |
       Ossuary |    190 |    190 |      0 |      0 |      0 |   1 |  190.0 |
        Bailey |    359 |    359 |      0 |     28 |      0 |   1 |  359.0 |
      Gauntlet |    382 |    382 |      0 |    164 |      0 |   1 |  382.0 |
               +--------+--------+--------+--------+--------+-----+--------+

Top non-repeatable levels by time:
     D:6: 1538 daAuts
     D:7: 1217 daAuts
    D:13: 1148 daAuts
     D:1: 1074 daAuts
    D:10: 1019 daAuts
   Sewer: 984 daAuts
     D:5: 977 daAuts
     D:2: 963 daAuts
    D:12: 941 daAuts
    D:11: 941 daAuts
     D:4: 867 daAuts
     D:9: 845 daAuts
     D:8: 838 daAuts
     D:3: 738 daAuts
Gauntlet: 382 daAuts
